 Dungeon Crawl Stone Soup version 0.14.0-24-gfb45beb (webtiles) character file.

270 Qrupt the Skirmisher (level 4, -2/37 HPs)
             Began as a Demonspawn Chaos Knight on Apr 22, 2014.
             Was a Plaything of Xom.
             Succumbed to poison (a potion of poison)
             ... on Level 2 of the Dungeon.
             The game lasted 00:04:44 (1889 turns).

Qrupt the Skirmisher (Demonspawn Chaos Knight)      Turns: 1889, Time: 00:04:45

HP  -2/37        AC  9     Str 12      XL: 4   Next: 74%
MP   0/4         EV 10     Int 13      God: Xom
Gold 151         SH  7     Dex 14      Spells:  0 memorised,  3 levels left

rFire  . . .     SeeInvis .     a - +0 falchion (chaos)
rCold  . . .     Clarity  .     b - +2 leather armour
rNeg   . . .     Conserve .     o - +0 buckler
rPois  .         rCorr    .     (no helmet)
rElec  .         rRot     .     (no cloak)
SustAb . .       Spirit   +     (no gloves)
rMut   .         Warding  .     (no boots)
Saprov . . .     Stasis   .     (no amulet)
MR     .....                    (no ring)
                                (no ring)

@: lethally poisoned, slowed, very slow, not resistant to hostile enchantments,
unstealthy
A: claws 1, iridescent scales 1, magic shield
a: Renounce Religion


You were on level 2 of the Dungeon.
You worshipped Xom.
You were a toy of Xom.
You were very hungry.

You visited 1 branch of the dungeon, and saw 3 of its levels.

You collected 151 gold pieces.

Inventory:

Hand weapons
 a - a +0,+0 falchion of chaos (weapon)
Armour
 b - a +2 leather armour (worn)
 o - a +0 buckler (worn)
Comestibles
 c - 3 bread rations
 i - a pear
 n - an apricot
Scrolls
 d - 2 scrolls of random uselessness {unknown}
 e - 2 scrolls of noise {unknown}
 f - a scroll of remove curse {unknown}
 g - a scroll of blinking {unknown}
 j - 2 scrolls of teleportation {unknown}
 k - 7 scrolls of identify {unknown}
 p - a scroll of amnesia {unknown}
 q - a scroll of magic mapping {unknown}
Jewellery
 m - an uncursed ring of fire {unknown}


   Skills:
 + Level 4.0 Fighting
 + Level 3.2 Long Blades
 + Level 2.7 Armour
 + Level 2.0 Dodging


You had 3 spell levels left.
You didn't know any spells.

Dungeon Overview and Level Annotations

Branches:
Dungeon (3/15)

Altars:


Innate Abilities, Weirdness & Mutations

You have sharp fingernails.
You are partially covered in iridescent scales (AC +4).
When hurt, damage is shared between your health and your magic reserves.


Message History

Your Dodging skill increases to level 2!
You feel very sick. You block the orc's attack.
You hear some strange, mumbled words.
The magic dart hits you!
Drink which item? (? for menu, Esc to quit)
That liquid tasted very nasty...
You are more poisoned.
It was a potion of poison.
Xom roars with laughter!
* * * LOW HITPOINT WARNING * * *
You feel very sick. You block the orc's attack.
You hear some strange, mumbled words.
The puff of flame hits you!
* * * LOW HITPOINT WARNING * * *
The orc hits you but does no damage. Something hits you but does no damage.
You aren't carrying any potions.
You hit something.
You die...
Xom guffaws!

#....%..##.#
##...#####.#####
##....).........#
##.......###.##..#
###.........##.#...##
..'.................#
###................##
##.....).###.##o#######
##.....## #.#@.......#
##...## #.#)######.#
##+## #.#.# #.# #.#
#.#.#### #.# #.#
#......# #.# ##.##
###.##.###.# ##...##
#........# ## #.....#
####.##### .# ##...##
#.#


You could see an orc.

Vanquished Creatures
  An orc wizard (D:2)
  5 adders (D:2)
  A giant gecko (D:1)
  An ooze (D:1)
  An orc (D:3)
  2 giant cockroaches (D:1)
  7 hobgoblins
  7 jackals
  6 kobolds
  A quokka (D:2)
  4 bats
  6 goblins
  4 rats (D:1)
46 creatures vanquished.

Notes
Turn   | Place    | Note
--------------------------------------------------------------
     0 | D:1      | Qrupt, the Demonspawn Chaos Knight, began the quest for the Orb.
     0 | D:1      | Reached XP level 1. HP: 18/18 MP: 1/1
   100 | D:1      | XOM: divination: magic mapping
   120 | D:1      | XOM: silly message
   121 | D:1      | Reached skill level 1 in Dodging
   139 | D:1      | Gained mutation: You have sharp fingernails. [demonic ancestry]
   139 | D:1      | Reached XP level 2. HP: 17/24 MP: 2/2
   186 | D:1      | XOM: divination: detect items
   527 | D:1      | XOM: divination: detect creatures
   578 | D:1      | XOM: divination: detect items
   678 | D:1      | Gained mutation: You are partially covered in iridescent scales (AC +4). [demonic ancestry]
   678 | D:1      | Reached XP level 3. HP: 27/29 MP: 3/3
  1387 | D:2      | Gained mutation: When hurt, damage is shared between your health and your magic reserves. [demonic ancestry]
  1387 | D:2      | Reached XP level 4. HP: 35/37 MP: 4/4
  1887 | D:2      | Reached skill level 4 in Fighting
  1889 | D:2      | Succumbed to poison (a potion of poison)

Action                   |  1- 3 |  4- 6 || total
-------------------------+-------+-------++-------
Melee: Falchion          |   138 |    39 ||   177
  Use: Potion            |       |     3 ||     3
 Stab: Paralysed         |     2 |     2 ||     4
       Petrifying        |     1 |       ||     1
